cohdb
Replays
Latest Replays
All Replays
Popular Replays
Top Player Replays
Match Explorer
How It Works
Community
CoH3 Stats
Reddit
Sign in to upload your games and track your stats! →
Sign in with Steam
Match 42986097
Unlisted
Match 42986097
Overview
Messages
Build Orders
End
Construct Weapon Support Center
Selects Heavy Weapons
Sniper
M1919 Machine Gun Team
M1919 Machine Gun Team
Construct Medical Station
Sniper
Selects M2HB .50cal Heavy Machine Gun
Bazooka Squad
Selects Assault Carriers
Mechanized Support Center
Bazooka Squad
M3 Assault Carrier
Construct Tank Depot
Selects Rapid Reposition
M4A1 Sherman Medium Tank
Construct Motor Pool
Construct Barracks
Designate Forward Repair Station
Riflemen Squad
Riflemen Squad
M4A1 Sherman Medium Tank
Selects Black Dragon Artillery Barrage
M4A1 76mm Conversion
Black Dragon Artillery Barrage
AI Takeover
有色弱势装甲战斗群
PWNZISCHEME
tawi
火鸡
Moltke1871
起舞
377480068
JanusOhneJ
0
0
Comments
sign in to comment!
No comments posted yet!